 Dungeon Crawl Stone Soup version 0.28-a0-586-gbdb9d174a4 (webtiles) character file.

Game seed: 3346976820863297027

522 Johnny the Chiller (level 7, -1/64 HPs)
             Began as a Deep Elf Ice Elementalist on Oct 3, 2021.
             Slain by a mummy (8 damage)
             ... in an ossuary.
             The game lasted 00:05:44 (4109 turns).

Johnny the Chiller (Deep Elf Ice Elementalist)      Turns: 4109, Time: 00:05:45

Health: -1/64      AC:  6    Str:  5    XL:     7   Next: 2%
Magic:  17/17      EV: 12    Int: 22    God:
Gold:   117        SH:  0    Dex: 15    Spells: 10/17 levels left

rFire   . . .      SeeInvis .   m - +1 dagger (flame)
rCold   . . .      Faith    .   (no shield)
rNeg    . . .      Spirit   .   a - +0 robe
rPois   .          Reflect  .   s - +2 helmet
rElec   .          Harm     .   h - +0 cloak
rCorr   .          Rampage  .   (no gloves)
Will    .....                   (no boots)
Stlth   ..........              (no amulet)
HPRegen 0.20/turn               (no ring)
MPRegen 0.15/turn               (no ring)

@: berserking (expiring), marked, very quick
A: no striking features
a: no special abilities


You were in an ossuary.
You visited 1 branch of the dungeon, and saw 4 of its levels.
You also visited: Ossuary.

You collected 117 gold pieces.

Inventory:

Hand Weapons
 i - a +0 dagger
 l - a +2 vampiric whip
 m - a +1 dagger of flaming (weapon)
Missiles
 t - 2 throwing nets
Armour
 a - a +0 robe (worn)
 h - a +0 cloak (worn)
 s - a +2 helmet (worn)
Wands
 p - a wand of flame (9)
Scrolls
 c - a scroll of identify
 d - 3 scrolls of magic mapping
 e - a scroll of immolation
 n - a scroll of holy word {unknown}
 o - a scroll of amnesia {unknown}
 r - a scroll of vulnerability {unknown}
 u - a scroll of enchant armour {unknown}
Potions
 g - a potion of curing
 j - a potion of magic
 k - a potion of heal wounds
 q - a potion of flight


   Skills:
 * Level 4.1 Fighting
 - Level 2.4 Dodging
 - Level 2.4 Stealth
 + Level 5.6 Spellcasting
 + Level 5.9 Ice Magic


You had 10 spell levels left.
You knew the following spells:

 Your Spells              Type           Power      Damage    Failure   Level
a - Freeze                Ice            100%       1d11      1%          1
b - Frozen Ramparts       Ice            64%        1d8       2%          3
c - Ozocubu's Armour      Ice            32%        N/A       2%          3

Your spell library contained the following spells:

 Spells                   Type           Power      Damage    Failure   Level
 Hailstorm                Conj/Ice       19%        3d6       28%         4
 Olgreb's Toxic Radiance  Pois           6%         N/A       67%         4
 Ozocubu's Refrigeration  Ice            16%        4d8       100%        7
 Ignition                 Fire           3%         3d4       100%        8


Dungeon Overview and Level Annotations

Branches:
Dungeon (4/15)            Ossuary (1/1)
 Temple: D:4-7

Altars:
Hepliaklqana
Yredelemnul


Message History

The centaur zombie kicks you but does no damage.
The centaur zombie closely misses you. The centaur zombie kicks you.
Your water moccasin zombie bites the centaur zombie.
You puncture the centaur zombie! You burn the centaur zombie.
You destroy the centaur zombie!
The mummy barely misses your water moccasin zombie.
The hobgoblin zombie barely misses you.
The centaur zombie hits you but does no damage.
The centaur zombie closely misses you.
You have reached level 7!
You barely miss the mummy.
Your ogre zombie hits the centaur zombie!
The centaur zombie hits you.
The centaur zombie kicks you but does no damage.
Unknown command.
You puncture the mummy! You burn the mummy.
The mummy is severely damaged.
Your water moccasin zombie bites the centaur zombie but does no damage.
The hobgoblin zombie completely misses you.
The hobgoblin zombie hits your water moccasin zombie.
The mummy hits you!
* * * LOW HITPOINT WARNING * * *
Unknown command.
You barely miss the mummy.
The mummy is severely damaged.
The centaur zombie hits you.
* * * LOW HITPOINT WARNING * * *
The centaur zombie closely misses you.
Your water moccasin zombie bites the centaur zombie.
Your ogre zombie hits the centaur zombie.
Unknown command.
You puncture the mummy! You burn the mummy.
You destroy the mummy!
The centaur zombie hits you but does no damage.
The centaur zombie kicks you but does no damage.
The hobgoblin zombie barely misses you.
The hobgoblin zombie hits your water moccasin zombie.
Your water moccasin zombie bites the hobgoblin zombie.
The mummy hits you!
You die...

#########
#.#.#.#.###########
§.................##
^..............ZM..#
..§........∩.ZZZ@..#
..^.....^......Z...#
...^....^.......Z.##
#.#.#.#.###########
#########


You could see a mummy, 3 hobgoblin zombies, a centaur zombie (ally target), a
friendly water moccasin zombie (summoned) and a friendly ogre zombie (summoned).

Vanquished Creatures
  2 scorpions (D:4)
  2 centaur zombies (Ossuary)
  3 orc priests (D:3)
  An iguana (D:4)
  Ijyb (D:3)
  A hound skeleton (D:4)
  A mummy (Ossuary)
  7 gnolls
  An adder (D:2)
  A dart slug (D:2)
  11 orcs (D:3)
  5 ball pythons
  6 bats
  3 endoplasms
  4 giant cockroaches
  7 goblins
  5 hobgoblins
  3 jackals (D:1)
  2 quokkas
  A frilled lizard (D:2)
  4 kobolds
  5 rats
76 creatures vanquished.

Vanquished Creatures (collateral kills)
  A centaur zombie (Ossuary)
  A hobgoblin zombie (Ossuary)
2 creatures vanquished.

Vanquished Creatures (others)
  5 fungi (D:3)
5 creatures vanquished.

Grand Total: 83 creatures vanquished

Notes
Turn   | Place    | Note
-------+----------+-------------------------------------------
     0 | D:1      | Johnny the Deep Elf Ice Elementalist began the quest for
                  | the Orb.
     0 | D:1      | Reached XP level 1. HP: 10/10 MP: 6/6
   528 | D:1      | Reached XP level 2. HP: 12/16 MP: 6/8
   641 | D:1      | Reached skill level 1 in Fighting
  1365 | D:2      | Reached XP level 3. HP: 12/20 MP: 8/10
  1497 | D:2      | Learned a level 3 spell: Frozen Ramparts
  1743 | D:2      | Found a faded altar of an unknown god.
  2389 | D:2      | Reached XP level 4. HP: 26/26 MP: 7/11
  2747 | D:3      | Reached skill level 5 in Ice Magic
  2809 | D:3      | Reached XP level 5. HP: 9/31 MP: 6/13
  3211 | D:3      | Found a basalt altar of Yredelemnul.
  3332 | D:3      | Noticed Ijyb
  3341 | D:3      | Killed Ijyb
  3692 | D:3      | Learned a level 3 spell: Ozocubu's Armour
  3902 | D:4      | Reached skill level 5 in Spellcasting
  3902 | D:4      | Reached XP level 6. HP: 37/37 MP: 10/15
  3997 | D:4      | Found a hazy altar of Hepliaklqana.
  4022 | D:4      | Noticed a yak
  4054 | D:4      | Found a sand-covered staircase.
  4062 | Ossuary  | Entered an ossuary
  4106 | Ossuary  | Reached XP level 7. HP: 27/43 MP: 17/17
  4109 | Ossuary  | Slain by a mummy

Illustrated notes

Levels and vault maps discovered:
D:1:      dpeg_arrival_central, layout_rooms, hex_intersection, chequers_avenue
D:2:      layout_rooms, ebering_ecumenical_altar_abandoned
D:3:      layout_loops_ring, mainiacjoe_overflow_boulevard, uniq_ijyb
D:4:      kennysheep_kobold_camp, layout_basic, mainiacjoe_overflow_brackets,
          chequers_ossuary_entry_cave, dk_noncrumbling_3
Ossuary:  ossuary_the_hunt_dpeg

Skill      XL: |  1  2  3  4  5  6 |
---------------+-------------------+-----
Fighting       | 1 2 3 4 |  4.1
Spellcasting   | 4 5 |  5.6
Ice Magic      | 5 |  5.9
Dodging        | |  2.4
Stealth        | |  2.4

Action                   |  1- 3 |  4- 6 |  7- 9 || total
-------------------------+-------+-------+-------++-------
Melee: Unarmed           |    12 |       |       ||    12
       Dagger            |    44 |     8 |     4 ||    56
       Whip              |       |    48 |       ||    48
 Cast: Freeze            |    31 |    26 |       ||    57
       Frozen Ramparts   |     3 |     9 |       ||    12
       Ozocubu's Armour  |       |     1 |       ||     1
  Use: Scroll            |       |     9 |       ||     9
       Potion            |       |     2 |       ||     2
 Stab: Sleeping          |     3 |     3 |       ||     6
       Distracted        |       |     1 |       ||     1
Armor: Robe              |    22 |    61 |     3 ||    86
Dodge: Dodged            |    58 |   110 |     3 ||   171

Table legend: (Time is in decaauts)
 A = Elapsed time spent in this place.
 B = Non-inter-level travel time spent in this place.
 C = Inter-level travel time spent in this place.
 D = Time resting spent in this place.
 E = Time spent auto-exploring this place.
 F = Levels seen in this place.
 G = Mean time per level.
                   A        B        C        D        E       F      G
               +--------+--------+--------+--------+--------+-----+--------+
         Total |   4113 |   3943 |    170 |   1240 |   1984 |   5 |  822.6 |
       Dungeon |   4070 |   3900 |    170 |   1240 |   1984 |   4 | 1017.5 |
       Ossuary |     43 |     43 |      0 |      0 |      0 |   1 |   43.0 |
               +--------+--------+--------+--------+--------+-----+--------+

Top non-repeatable levels by time:
     D:1: 1479 daAuts
     D:3: 1164 daAuts
     D:2: 1077 daAuts
     D:4: 349 daAuts
 Ossuary: 43 daAuts
